 Dungeon Crawl Stone Soup version 0.26.0-10-g1f06aea511 (webtiles) character file.

Game seed: 14539204287457253245

79 Dani the Magician (level 4, -5/24 HPs)
             Began as a Tengu Hedge Wizard on Feb 7, 2021.
             Was an Initiate of Sif Muna.
             Killed by divine providence
             ... invoked by an orc priest
              (13 damage)
             ... on level 3 of the Dungeon.
             The game lasted 00:07:24 (2879 turns).

Dani the Magician (Tengu Hedge Wizard)              Turns: 2879, Time: 00:07:24

Health: -5/24      AC:  3    Str: 11    XL:     4   Next: 37%
Magic:  3/9        EV: 12    Int: 15    God:    Sif Muna [......]
Gold:   181        SH:  8    Dex: 13    Spells: 3/9 levels left

rFire    . . .     SeeInvis .   g - +0 dagger (speed)
rCold    . . .     Faith    .   i - +0 buckler
rNeg     . . .     Spirit   .   b - +0 robe
rPois    .         Reflect  +   c - +0 hat
rElec    .         Harm     .   w - +0 cloak
rCorr    .         Rampage  .   (no gloves)
Will     .....                  (boots unavailable)
Stlth    ++........             f - amulet of reflection
HPRegen  0.08/turn              (no ring)
MPRegen  0.11/turn              (no ring)

@: no status effects
A: beak, talons 3
a: Renounce Religion


You were on level 3 of the Dungeon.
You worshipped Sif Muna.
Sif Muna was noncommittal.
You visited 1 branch of the dungeon, and saw 3 of its levels.

You collected 181 gold pieces.

Inventory:

Hand Weapons
 a - a +0 dagger
 e - a +0 mace
   (You found it on level 1 of the Dungeon)
 g - a +0 dagger of speed (weapon)
   (You took it off a goblin on level 1 of the Dungeon)
Armour
 b - a +0 robe (worn)
 c - a +0 hat (worn)
 i - a +0 buckler (worn)
   (You found it on level 1 of the Dungeon)
 p - a +0 ring mail
   (You found it on level 1 of the Dungeon)
 w - a +0 cloak (worn)
   (You found it on level 3 of the Dungeon)
Jewellery
 f - an amulet of reflection (around neck)
   (You found it on level 1 of the Dungeon)
 m - a cursed amulet of inaccuracy {unknown}
   (You found it on level 1 of the Dungeon)
Scrolls
 d - 2 scrolls of fear {unknown}
 l - a scroll of immolation {unknown}
 r - 3 scrolls of teleportation {unknown}
 s - 4 scrolls of identify {unknown}
 x - a scroll of enchant armour {unknown}
 N - a scroll of remove curse {@r2}
Potions
 h - a potion of brilliance {unknown}
 j - a potion of lignification {unknown}
 k - 2 potions of mutation {unknown}
 n - a potion of flight {unknown}
 o - 2 potions of curing {unknown}
 t - 2 potions of berserk rage {unknown}
 u - a potion of heal wounds {unknown}
 v - a potion of attraction {unknown}


   Skills:
 + Level 1.0 Maces & Flails
 - Level 2.1 Dodging
 - Level 2.0 Stealth
 + Level 0.2 Shields
 + Level 3.2 Spellcasting
 * Level 2.6 Conjurations
 - Level 2.0 Summonings
 - Level 0.7 Translocations
 - Level 1.0 Fire Magic
 * Level 2.6 Air Magic


You had 3 spell levels left.
You knew the following spells:

 Your Spells              Type           Power        Failure   Level
a - Magic Dart            Conj           40%          11%         1
b - Call Imp              Summ           8%           22%         2
c - Mephitic Cloud        Conj/Pois/Air  7%           41%         3

Your spell library contained the following spells:

 Spells                   Type           Power        Failure   Level
 Blink                    Tloc           N/A          34%         2
 Conjure Flame            Conj/Fire      8%           41%         3
 Slow                     Hex            2%           43%         2


Dungeon Overview and Level Annotations

Branches:
Dungeon (3/15)

Altars:
Ashenzari
Elyvilon
Fedhas
Hepliaklqana
Kikubaaqudgha
Makhleb
Qazlal
Sif Muna
Wu Jian

Portals:
Abyss: D:3

Annotations:
D:3 2 transporters, Kolguev's ghost, amateur DrTm


Innate Abilities, Weirdness & Mutations

You have a beak for a mouth.
You have claws for feet.


Message History

The kobold shouts!
You hear an angry hiss.
The magic dart hits the kobold.
You kill the kobold!
You can't see any susceptible monsters within range! (Use Z to cast anyway.)
You can't see any susceptible monsters within range! (Use Z to cast anyway.)
You can't see any susceptible monsters within range! (Use Z to cast anyway.)
You can't see any susceptible monsters within range! (Use Z to cast anyway.)
A frilled lizard comes into view.
The magic dart hits the frilled lizard.
You kill the frilled lizard!
You can't see any susceptible monsters within range! (Use Z to cast anyway.)
You can't see any susceptible monsters within range! (Use Z to cast anyway.)
You can't see any susceptible monsters within range! (Use Z to cast anyway.) Magic restored.
You see here a +0 dagger.
Found an ancient bone altar of Kikubaaqudgha.
Found a white marble altar of Elyvilon.
Found a stormy altar of Qazlal.
Found a shimmering blue altar of Sif Muna and a burning altar of Makhleb.
Found a hazy altar of Hepliaklqana.
There is a shimmering blue altar of Sif Muna here.
You kneel at the altar of Sif Muna.
Sif Muna welcomes you!
There is a stone staircase leading up, spattered with blood here.
Things that are here:
a +0 short sword; a kobold skeleton A bat comes into view.
The magic dart hits the bat.
The bat is severely wounded.
The magic dart hits the bat but does no damage.
The bat is severely wounded.
The bat barely misses you. The bat hits you but does no damage.
The magic dart hits the bat.
You kill the bat!
Sif Muna accepts your kill.
You can't see any susceptible monsters within range! (Use Z to cast anyway.) Memorise Call Imp, consuming 2 spell levels and leaving 6?
You start memorising the spell.
You continue memorising. x2
You finish memorising.
Spell assigned to 'b'.
This spell is potentially lethal to cast!
Memorise Mephitic Cloud, consuming 3 spell levels and leaving 3?
You start memorising the spell.
You continue memorising. x3
You finish memorising.
Spell assigned to 'c'.
A frilled lizard comes into view.
Found a ring mail.
You see here a ring mail.
You see here a scroll labelled JURIFAM UTTOARGHIXI.
The magic dart hits the frilled lizard.
The frilled lizard is heavily wounded.
The magic dart hits the frilled lizard.
You kill the frilled lizard!
Sif Muna accepts your kill.
You can't see any susceptible monsters within range! (Use Z to cast anyway.)
q - 2 scrolls labelled JURIFAM UTTOARGHIXI (gained 1)
Found a broken altar of Ashenzari.
A bat comes into view.
A bat is nearby!
The magic dart hits the bat.
The bat is moderately wounded.
The magic dart hits the bat.
You kill the bat!
Sif Muna accepts your kill.
The orc priest shouts!
The magic dart hits the orc priest but does no damage.
The magic dart hits the orc priest.
The orc priest is lightly wounded.
A vampire bat comes into view.
The magic dart hits the orc priest.
The orc priest is moderately wounded.
The magic dart hits the orc priest.
The orc priest is moderately wounded.
A bat comes into view.
The magic dart hits the orc priest.
The orc priest is moderately wounded.
The vampire bat barely misses you.
The orc priest calls down the wrath of Beogh upon you.
Beogh smites you!
Ouch! That really hurt!
* * * LOW HITPOINT WARNING * * *
You are too injured to fight recklessly!
As you read the scroll labelled JURIFAM UTTOARGHIXI, it crumbles to dust.
You feel as if something is helping you.
It was a scroll of remove curse.
N - a scroll of remove curse The vampire bat bites you but does no damage.
A bat comes into view.
You block the vampire bat's attack.
You hit the orc priest but do no damage.
The orc priest is moderately wounded.
The vampire bat bites you.
* * * LOW HITPOINT WARNING * * *
The vampire bat draws strength from your injuries!
A bat comes into view.
You hit the orc priest but do no damage.
The orc priest is moderately wounded.
The vampire bat closely misses you.
The orc priest calls down the wrath of Beogh upon you.
Beogh smites you!
Ouch! That really hurt!
You die...

##)............#.#.#
.####.........[...##...#
.......).........###...#
.................###...#
#..........#...#...##...#
#
####<...#.....##.#......#
. ...#.#..#...##.#...#..#
.........†..###.#.#.#..#
.
....^......b.@..._..#..#
.
...........bo##.#.#.#..#
. ............##.#.#.#..#
. ...........##.#.###..#
. .....b†..##.#.# .
....b.. #.#.# . .......
..#.# . ....... ..#.# .


You could see an orc priest, a vampire bat and 3 bats.

Vanquished Creatures
  An adder (D:3)
  A gnoll (D:1)
  2 worms (D:2)
  A dart slug (D:1)
  2 leopard geckos (D:1)
  2 orcs
  2 ball pythons
  5 bats
  3 giant cockroaches
  3 goblins (D:1)
  7 hobgoblins (D:1)
  2 jackals
  3 frilled lizards
  7 kobolds
  6 rats
47 creatures vanquished.

Notes
Turn   | Place    | Note
-------+----------+-------------------------------------------
     0 | D:1      | Dani the Tengu Hedge Wizard began the quest for the Orb.
     0 | D:1      | Reached XP level 1. HP: 10/10 MP: 5/5
   359 | D:1      | Reached skill level 1 in Air Magic
   359 | D:1      | Reached XP level 2. HP: 11/15 MP: 2/7
   463 | D:1      | Reached skill level 2 in Conjurations
   576 | D:1      | Reached XP level 3. HP: 19/19 MP: 4/8
  1068 | D:1      | Reached skill level 2 in Air Magic
  1901 | D:2      | Found a blossoming altar of Fedhas.
  2044 | D:2      | Found an ornate altar of the Wu Jian Council.
  2106 | D:2      | Found a faded altar of an unknown god.
  2422 | D:3      | Reached skill level 1 in Maces & Flails
  2422 | D:3      | Reached skill level 2 in Summonings
  2422 | D:3      | Reached skill level 1 in Fire Magic
  2422 | D:3      | Reached XP level 4. HP: 21/24 MP: 1/9
  2628 | D:3      | Found a transporter.
  2663 | D:3      | Found a transporter.
  2667 | D:3      | Found a one-way gate to the infinite horrors of the Abyss.
  2667 | D:3      | Noticed Kolguev's ghost (amateur DrTm)
  2677 | D:3      | Noticed a small abomination
  2761 | D:3      | Found an ancient bone altar of Kikubaaqudgha.
  2763 | D:3      | Found a white marble altar of Elyvilon.
  2766 | D:3      | Found a stormy altar of Qazlal.
  2767 | D:3      | Found a shimmering blue altar of Sif Muna.
  2767 | D:3      | Found a burning altar of Makhleb.
  2772 | D:3      | Found a hazy altar of Hepliaklqana.
  2775 | D:3      | Became a worshipper of Sif Muna the Loreminder
  2816 | D:3      | Learned a level 2 spell: Call Imp
  2820 | D:3      | Learned a level 3 spell: Mephitic Cloud
  2856 | D:3      | Found a broken altar of Ashenzari.
  2879 | D:3      | Killed from afar by an orc priest

Illustrated notes

Levels and vault maps discovered:
D:1:      nagdon_arrival_double_spiral, layout_basic,
          ebering_dispersal_statue_hall, kennysheep_doodads
D:2:      layout_loops_ring, nzn_wu_jian_contemplation, fedhas_altar_fruit_tree,
          chequers_ecumenical_altar_twisty
D:3:      layout_rooms, ashenzari_altar_1, minitemple,
          gammafunk_ghost_abyssal_escape, roderic_batcave

Skill      XL: |  1  2  3 |
---------------+----------+-----
Air Magic      | 1 2 |  2.6
Conjurations   | 2 |  2.6
Maces & Flails | 1 |  1.0
Summonings     | 2 |  2.0
Fire Magic     | 1 |  1.0
Dodging        | |  2.1
Stealth        | |  2.0
Shields        | |  0.2
Spellcasting   | |  3.2
Translocations | |  0.7

Action                   |  1- 3 |  4- 6 || total
-------------------------+-------+-------++-------
Melee: Dagger            |    25 |    12 ||    37
       Peck              |     6 |       ||     6
       Mace              |     2 |       ||     2
       Kick              |     8 |     3 ||    11
 Cast: Magic Dart        |    99 |    28 ||   127
  Use: Scroll            |       |     1 ||     1
 Stab: Sleeping          |     1 |     1 ||     2
Armor: Robe              |     3 |     4 ||     7
Dodge: Dodged            |    16 |     7 ||    23
Block: Other             |     2 |       ||     2
       Buckler           |     2 |     8 ||    10
       Reflection        |     1 |       ||     1

Table legend: (Time is in decaauts)
 A = Elapsed time spent in this place.
 B = Non-inter-level travel time spent in this place.
 C = Inter-level travel time spent in this place.
 D = Time resting spent in this place.
 E = Time spent auto-exploring this place.
 F = Levels seen in this place.
 G = Mean time per level.
                   A        B        C        D        E       F      G
               +--------+--------+--------+--------+--------+-----+--------+
         Total |   2870 |   2730 |    140 |      0 |   2303 |   3 |  956.7 |
       Dungeon |   2870 |   2730 |    140 |      0 |   2303 |   3 |  956.7 |
               +--------+--------+--------+--------+--------+-----+--------+

Top non-repeatable levels by time:
     D:1: 1531 daAuts
     D:2: 1010 daAuts
     D:3: 328 daAuts

Table legend:
 A = Kills in this place as a percentage of kills in entire the game.
 B = Kills by you in this place as a percentage of kills by you in the entire game.
 C = Kills by friends in this place as a percentage of kills by friends in the entire game.
 D = Other kills in this place as a percentage of other kills in the entire game.
 E = Experience gained in this place as a percentage of experience gained in the entire game.
 F = Experience gained in this place divided by the number of levels of this place that you have seen.
                   A       B       C       D       E      F
               +-------+-------+-------+-------+-------+----------------------
         Total | 100.0 | 100.0 |   N/A |   N/A | 100.0 |  37.7
       Dungeon | 100.0 | 100.0 |   N/A |   N/A | 100.0 |  37.7
               +-------+-------+-------+-------+-------+----------------------
